 Dungeon Crawl Stone Soup version 0.27.1-33-g824d729ab1 (webtiles) character file.

Game seed: 10179389625556947413

191 Cykl0x the Slasher (level 5, -2/31 HPs)
             Began as a Gargoyle Gladiator on Dec 25, 2021.
             Slain by a gnoll (14 damage)
             ... on level 4 of the Dungeon.
             The game lasted 00:04:57 (3134 turns).

Cykl0x the Slasher (Gargoyle Gladiator)             Turns: 3134, Time: 00:04:57

Health: -2/31      AC:  9    Str: 18    XL:     5   Next: 70%
Magic:  4/7        EV: 12    Int:  9    God:
Gold:   144        SH:  0    Dex: 11    Spells: 5/7 levels left

rFire    . . .     SeeInvis .   a - +1 long sword (freeze)
rCold    . . .     Faith    .   (no shield)
rNeg     + . .     Spirit   .   b - +0 leather armour
rPois    ∞         Reflect  .   c - +1 helmet
rElec    +         Harm     .   (no cloak)
rCorr    .         Rampage  .   (no gloves)
Will     .....                  (no boots)
Stlth    +.........             (no amulet)
HPRegen  0.10/turn              h - ring of wizardry
MPRegen  0.10/turn              (no ring)

@: wereblooded
A: sickness immunity, AC +4, negative energy resistance 1, electricity
resistance, torment resistance 1, petrification resistance
a: no special abilities


You were on level 4 of the Dungeon.
You visited 1 branch of the dungeon, and saw 4 of its levels.

You collected 144 gold pieces.

Inventory:

Hand Weapons
 a - a +1 long sword of freezing (weapon)
Missiles
 f - 102 stones
Armour
 b - a +0 leather armour (worn)
 c - a +1 helmet (worn)
Jewellery
 h - a ring of wizardry (left hand)
Scrolls
 i - a scroll of enchant armour
 k - a scroll of holy word
Potions
 d - 2 potions of curing
 e - 2 potions of attraction {unknown}
 g - 2 potions of brilliance {unknown}
 m - a potion of lignification {unknown}
 n - a potion of haste {unknown}
 o - a potion of resistance {unknown}


   Skills:
 + Level 2.5 Fighting
 + Level 3.5 Long Blades
 + Level 2.2 Throwing
 * Level 2.0 Armour
 + Level 2.8 Dodging
 * Level 1.6 Spellcasting
 * Level 0.6 Transmutations
 * Level 1.8 Invocations


You had 5 spell levels left.
You knew the following spells:

 Your Spells              Type           Power      Damage    Failure   Level
a - Wereblood             Tmut           1%         N/A       19%         2

Your spell library contained the following spells:

 Spells                   Type           Power      Damage    Failure   Level
 Beastly Appendage        Tmut           2%         N/A       13%         1
 Animate Skeleton         Necr           0%         N/A       16%         1
 Apportation              Tloc           0%         N/A       16%         1
 Corona                   Hex            0%         N/A       16%         1
 Summon Small Mammal      Summ           0%         N/A       16%         1
 Spider Form              Tmut/Pois      0%         N/A       38%         3
 Call Canine Familiar     Summ           0%         N/A       43%         3
 Summon Guardian Golem    Hex/Summ       0%         N/A       43%         3


Dungeon Overview and Level Annotations

Branches:
Dungeon (4/15)
 Temple: D:4-7

Altars:

Shops:
D:1 [   D:2 (


Innate Abilities, Weirdness & Mutations

You are immune to sickness and miasma.
Your stone body is resilient. (AC +4)
You are immune to poison.
You resist negative energy. (rN+)
You are resistant to electric shocks. (rElec)
You are resistant to unholy torment.
You are immune to petrification.


Message History

You closely miss the gnoll.
The gnoll closely misses you. x2; You riposte.
You barely miss the gnoll. You slash the gnoll! You freeze the gnoll.
The gnoll is almost dead.
The gnoll barely misses you.
You riposte.
You slash the gnoll! You freeze the gnoll.
You kill the gnoll!
You see here a +0 whip.
You closely miss the gnoll. The gnoll closely misses you.
You riposte.
You hit the gnoll. You freeze the gnoll.
The gnoll is heavily wounded.
You closely miss the gnoll.
The gnoll is heavily wounded.
The gnoll barely misses you. The gnoll completely misses you.
The gnoll hits you with a +0 halberd.
Your magical contamination has completely faded away.
You barely miss the gnoll.
The gnoll is heavily wounded.
You howl as the wereblood boils in your veins!
The gnoll hits you from afar with a +0 halberd!
The gnoll hits you with a +0 halberd!
You are too injured to fight recklessly!
You are too injured to fight recklessly!
You are too injured to fight recklessly!
You are too injured to fight recklessly!
You are too injured to fight recklessly!
You are too injured to fight recklessly!
You are too injured to fight recklessly!
You are too injured to fight recklessly!
You are too injured to fight recklessly!
You are too injured to fight recklessly!
You are too injured to fight recklessly!
You are too injured to fight recklessly!
You are too injured to fight recklessly!
You are too injured to fight recklessly!
You are too injured to fight recklessly!
You hit the gnoll. You freeze the gnoll.
The gnoll is almost dead.
The gnoll hits you from afar with a +0 halberd!
You die...

.. .# #. #.# #. #.#
#. #.# #. #.# . #.
#.#
....##.#####.####.#
.(.....Jgg@.......#
.....##.####g######
... .........#....#
# #.###.###.#.##.#
.. .. #.#<.#.# ##
#.##.#..#.#
..#.#..#.#
#.#.#..#.#
#.#.####.#


You could see a jelly and 3 gnolls.

Vanquished Creatures
  2 orc wizards (D:3)
  A gnoll (D:4)
  8 adders
  2 dart slugs
  3 orcs (D:3)
  3 ball pythons
  4 bats
  6 endoplasms
  A goblin (D:2)
  5 hobgoblins
  4 jackals (D:3)
  4 kobolds
  2 quokkas (D:1)
  5 frilled lizards
  11 rats
61 creatures vanquished.

Notes
Turn   | Place    | Note
-------+----------+-------------------------------------------
     0 | D:1      | Cykl0x the Gargoyle Gladiator began the quest for the Orb.
     0 | D:1      | Reached XP level 1. HP: 12/12 MP: 1/1
   114 | D:1      | Reached XP level 2. HP: 2/17 MP: 2/2
   487 | D:1      | Found Firraut's Antique Armour Shoppe.
   656 | D:1      | Reached skill level 3 in Long Blades
   722 | D:1      | Reached XP level 3. HP: 13/21 MP: 4/4
  1172 | D:2      | Reached skill level 1 in Spellcasting
  1220 | D:2      | Reached skill level 1 in Armour
  1224 | D:2      | Reached skill level 1 in Invocations
  1273 | D:2      | Reached XP level 4. HP: 27/27 MP: 5/5
  1320 | D:2      | Found Taot's Antique Weapon Emporium.
  1439 | D:2      | Learned a level 2 spell: Wereblood
  1763 | D:3      | Reached XP level 5. HP: 10/31 MP: 4/7
  3134 | D:4      | Slain by a gnoll

Illustrated notes

Levels and vault maps discovered:
D:1:      minmay_arrival_checkered_box, layout_rooms, serial_shops,
          shop_fountains
D:2:      layout_basic, serial_shops, shop_fountains,
          minmay_misc_feat_nine_boxes
D:3:      minmay_door_path, layout_basic
D:4:      layout_basic, lemuel_crystal_altar, lemuel_temple_firewalk_a,
          uniq_edmund, uniq_natasha

Skill      XL: |  1  2  3  4  5 |
---------------+----------------+-----
Long Blades    | 3 |  3.5
Spellcasting   | 1 |  1.6
Throwing       | 2 |  2.2
Armour         | 1 2 |  2.0
Invocations    | 1 |  1.8
Fighting       | |  2.5
Dodging        | |  2.8
Transmutations | |  0.6

Action                   |  1- 3 |  4- 6 || total
-------------------------+-------+-------++-------
Melee: Long sword        |    58 |    96 ||   154
Throw: Throwing net      |     5 |       ||     5
       Stone             |    24 |    48 ||    72
 Cast: Wereblood         |       |     3 ||     3
  Use: Scroll            |       |     9 ||     9
Armor: Leather armour    |    21 |    43 ||    64
Dodge: Dodged            |    36 |    54 ||    90
       Rpst.: Long sword |    14 |    21 ||    35
